 Dungeon Crawl Stone Soup version 0.30-a0-1016-gfb0d676c02 (webtiles) character file.

Game seed: 10137004388800417475

1529 DeathPants the Insei (level 8, -3/42 HPs)
             Began as a Vine Stalker Transmuter on Apr 6, 2023.
             Was an Initiate of Gozag.
             Slain by an ogre
             ... wielding a +0 giant club
              (15 damage)
             ... on level 5 of the Dungeon.
             The game lasted 00:14:09 (4485 turns).

DeathPants the Insei (Vine Stalker Transmuter)      Turns: 4485, Time: 00:14:10

Health: -3/42      AC:  2    Str: 27    XL:     8   Next: 85%
Magic:  0/14       EV: 13    Int: 13    God:    Gozag
Gold:   1101       SH:  0    Dex: 15    Spells: 11/14 levels left

rFire   . . .      SeeInvis .      - Unarmed
rCold   . . .      Faith    .    (no shield)
rNeg    . . .      Spirit   +    a - +0 robe
rPois   .          Reflect  .    (helmet currently unavailable)
rElec   .          Rampage  .    (no cloak)
rCorr   .                        (no gloves)
Will    +....                    o - melded +2 pair of boots
Stlth   +                        l - amulet of regeneration
HPRegen 1.87/turn                d - +6 ring of strength
MPRegen 0.14/turn                z - +6 ring of strength

@: appendages
A: horns 2, talons 2, fangs 3, regeneration 1, magic shield, antimagic bite, no
potion heal 2
a: End Transformation, Renounce Religion, Potion Petition, Call Merchant, Bribe
Branch


You were on level 5 of the Dungeon.
You worshipped Gozag.
Gozag was most pleased with you.
You had temporarily grown beastly horns and talons.
You visited 2 branches of the dungeon, and saw 8 of its levels.

You collected 1221 gold pieces.
You paid 120 gold pieces to Gozag.

Inventory:

Missiles
 e - 16 poisoned darts
 v - 4 boomerangs
 y - a throwing net
Armour
 a - a +0 robe (worn)
 o - a +2 pair of boots (melded)
Jewellery
 d - a +6 ring of strength (left hand)
 l - an amulet of regeneration (around neck)
 z - a +6 ring of strength (right hand)
Wands
 r - a wand of flame (42)
Scrolls
 c - a scroll of blinking {unknown}
 f - a scroll of torment {unknown}
 g - a scroll of poison {unknown}
 i - a scroll of magic mapping {unknown}
 k - a scroll of vulnerability {unknown}
 q - a scroll of teleportation
 u - a scroll of enchant armour {unknown}
 w - a scroll of fog {unknown}
 x - a scroll of fear {unknown}
Potions
 b - 4 potions of lignification
 h - 2 potions of invisibility
 j - 3 potions of curing
 m - 2 potions of haste
 n - a potion of resistance
 p - a potion of flight {unknown}
 s - 2 potions of brilliance {unknown}
 t - a potion of mutation {unknown}


   Skills:
 + Level 4.3 Fighting
 + Level 4.2 Dodging
 + Level 6.7 Unarmed Combat
 + Level 3.8 Spellcasting
 + Level 5.1 Transmutations


You had 11 spell levels left.
You knew the following spells:

 Your Spells              Type           Power      Damage    Failure   Level
a - Beastly Appendage     Tmut           30%        N/A       2%          1
b - Wereblood             Tmut           15%        N/A       3%          2

Your spell library contained the following spells:

 Spells                   Type           Power      Damage    Failure   Level
 Spider Form              Tmut/Pois      9%         N/A       22%         3
 Lesser Beckoning         Tloc           4%         N/A       32%         2
 Sublimation of Blood     Necr           2%         N/A       32%         2
 Dazzling Flash           Conj/Hex       4%         N/A       54%         3
 Gell's Gravitas          Tloc           2%         N/A       54%         3
 Teleport Other           Tloc           2%         N/A       54%         3
 Ice Form                 Ice/Tmut       9%         N/A       58%         4
 Petrify                  Tmut/Erth      9%         N/A       58%         4
 Irradiate                Conj/Tmut      4%         3d13      90%         5
 Agony                    Necr           2%         N/A       99%         5
 Silence                  Hex/Air        1%         N/A       99%         5


Dungeon Overview and Level Annotations

Branches:
Dungeon (7/15)             Temple (1/1) D:5

Altars:
Cheibriados
Dithmenos
Elyvilon
Fedhas
Gozag
Makhleb
Nemelex Xobeh
Okawaru
Qazlal
Ru
Sif Muna
Trog
Uskayaw
Vehumet
Xom
Yredelemnul
Zin
The Shining One


Innate Abilities, Weirdness & Mutations

You have temporarily grown beastly horns and talons.
You have razor-sharp teeth.
Your natural rate of healing is unusually fast.
When hurt, damage is shared between your health and your magic reserves.
Your bite disrupts and absorbs the magic of your enemies.
Potions cannot restore your health.


Message History

Casting: Beastly Appendage (safe; 2% risk of failure)
Press: ? - help, Q - select action, (/) - cycle Dir - look around, f - activate You grow a pair of large bovine horns.
Your feet morph into talons.
Your +2 pair of boots melds into your body.
You hit the iguana. Your punch misses the iguana. You bite the iguana!
You drain its power.
You feel invigorated.
The iguana is heavily wounded.
The iguana bites you.
You hit the iguana. Your headbutt misses the iguana. You bite the iguana.
You drain its power.
You feel invigorated.
The iguana is almost dead.
The iguana bites you.
You hit the iguana.
You kill the iguana!
You now have 1101 gold pieces (gained 6).
You feel stronger.
z - a +6 ring of strength (right hand)
Your transformation is almost over.
Your horns disappear.
Your talons disappear.
Your +2 pair of boots unmelds from your body.
An ogre comes into view. It is wielding a +0 giant club.
The ogre shouts!
Casting: Beastly Appendage (safe; 2% risk of failure)
Press: ? - help, Q - select action, (/) - cycle Dir - look around, f - activate You grow a pair of large bovine horns.
Your feet morph into talons.
Your +2 pair of boots melds into your body.
The ogre hits you with a +0 giant club!
You hit the ogre but do no damage. Your kick misses the ogre.
You punch the ogre. Your bite misses the ogre.
The ogre is lightly wounded.
You hit the ogre. You claw the ogre. Your bite misses the ogre.
The ogre is lightly wounded.
The ogre hits you with a +0 giant club!!
Ouch! That really hurt!
* * * LOW HITPOINT WARNING * * *
You hit the ogre. You claw the ogre.
The ogre is moderately wounded.
The ogre hits you with a +0 giant club!!
You die...
Your body crumbles into a pile of gold.

##.###.## ##.## ##.#
#.## ##. ### #.# #.
#.. #.## ##. #.# ##.##
##.# ##.## ##.###.##
####...#########.....#
+...O@................
####...###########...#
##..# ##..# ##.# ##.#
#.# #.# #.# #.# #.#
#.# #.# #.# $ #.#


You could see an ogre.

Vanquished Creatures
  Sigmund (D:4)
  2 black bears (D:5)
  Blork the orc (D:5)
  3 scorpions
  9 wights
  A hound (D:5)
  An orc priest (D:4)
  A gnoll bouda (D:5)
  A jelly (D:4)
  2 iguanas
  Ijyb (D:3)
  Terence (D:2)
  Natasha (thrice) (D:4)
  4 gnolls (D:5)
  5 adders
  A shadow imp (D:6)
  2 ufetubi (D:5)
  A worm (D:2)
  3 dart slugs (D:2)
  5 orcs
  5 ball pythons
  6 endoplasms
  2 giant cockroaches
  10 hobgoblins
  6 jackals
  5 quokkas
  2 bats
  2 frilled lizards
  13 goblins
  6 kobolds
  2 rats
107 creatures vanquished.

Vanquished Creatures (others)
  A plant (D:2)
1 creature vanquished.

Grand Total: 108 creatures vanquished

Notes
Turn   | Place    | Note
-------+----------+-------------------------------------------
     0 | D:1      | DeathPants the Vine Stalker Transmuter began the quest for
                  | the Orb.
     0 | D:1      | Reached XP level 1. HP: 9/9 MP: 4/4
    80 | D:1      | Reached skill level 1 in Fighting
   115 | D:1      | Reached XP level 2. HP: 12/14 MP: 3/6
   145 | D:1      | Found a faded altar of an unknown god.
   755 | D:1      | Reached XP level 3. HP: 15/18 MP: 4/7
  1427 | D:2      | Gained mutation: Your natural rate of healing is unusually
                  | fast. [Vine Stalker growth]
  1427 | D:2      | Reached XP level 4. HP: 23/23 MP: 7/9
  1673 | D:2      | Noticed Terence
  1682 | D:2      | Killed Terence
  1881 | D:3      | Learned a level 2 spell: Wereblood
  1920 | D:3      | Noticed Ijyb
  1935 | D:3      | Killed Ijyb
  1936 | D:3      | Reached XP level 5. HP: 26/26 MP: 10/10
  2008 | D:3      | Found a glowing silver altar of Zin.
  2165 | D:3      | You fall into a shaft and drop 3 floors!
  2286 | D:6      | Reached skill level 4 in Unarmed Combat
  2286 | D:6      | Reached XP level 6. HP: 30/32 MP: 11/11
  2407 | D:6      | Found a blossoming altar of Fedhas.
  2411 | D:5      | Entered Level 5 of the Dungeon
  2422 | D:5      | Found a sacrificial altar of Ru.
  2516 | D:5      | Noticed a black bear
  2536 | D:5      | Killed a black bear
  2537 | D:5      | Reached skill level 5 in Unarmed Combat
  2537 | D:5      | Reached XP level 7. HP: 35/35 MP: 12/12
  2573 | D:5      | Noticed Blork the orc
  2588 | D:5      | Killed Blork the orc
  2640 | D:5      | Found a staircase to the Ecumenical Temple.
  2647 | Temple   | Entered the Ecumenical Temple
  2780 | Temple   | Became a worshipper of Gozag Ym Sagoz the Greedy
  2847 | D:4      | Noticed Sigmund
  3102 | D:6      | Identified a scroll of acquirement
  3102 | D:6      | Acquired 652 gold pieces
  3162 | D:5      | Gained mutation: You have razor-sharp teeth. [Vine Stalker
                  | growth]
  3162 | D:5      | Reached XP level 8. HP: 40/40 MP: 11/13
  3165 | D:5      | Reached skill level 6 in Unarmed Combat
  3627 | D:4      | Killed Sigmund
  3658 | D:4      | Found a hide-covered altar of Uskayaw.
  3804 | D:4      | Noticed Natasha
  3811 | D:4      | Killed Natasha
  3812 | D:4      | Noticed Natasha
  3818 | D:4      | Killed Natasha
  3880 | D:4      | Noticed Natasha
  3889 | D:4      | Killed Natasha
  4262 | D:5      | Reached skill level 5 in Transmutations
  4485 | D:5      | Slain by an ogre

Illustrated notes

Levels and vault maps discovered:
D:1:      dpeg_arrival_pits, layout_loops_corners,
          hellmonk_ecumenical_altar_prayer_group
D:2:      layout_loops_cross, chequers_big_river, minmay_box_of_dots,
          uniq_terence
D:3:      layout_rooms, mainiacjoe_overflow_surrounded_room, uniq_ijyb
D:4:      layout_rooms, nicolae_uskayaw_murder_on_the_dancefloor, uniq_sigmund,
          uniq_natasha
D:5:      layout_loops_corners, mainiacjoe_overflow_catwalk, temple_doors_e,
          gammafunk_ghost_grave, uniq_blork_the_orc
D:6:      layout_basic, mainiacjoe_overflow_tiny_flanked,
          nicolae_wu_jian_immortal_techniques, solitary_fountain
D:7:      layout_loops_corners, minmay_chambers_of_fives, uniq_menkaure
Temple:   bh_familiar_temple

Skill      XL: |  1  2  3  4  5  6  7  8 |
---------------+-------------------------+-----
Fighting       | 1 2 3 4 |  4.3
Dodging        | 2 3 4 |  4.2
Spellcasting   | 3 |  3.8
Transmutations | 3 4 5 |  5.1
Unarmed Combat | 4 5 6 |  6.7

Action                     |  1- 3 |  4- 6 |  7- 9 || total
---------------------------+-------+-------+-------++-------
  Melee: Unarmed           |    74 |    80 |   113 ||   267
         Headbutt          |    11 |     6 |    18 ||    35
         Kick              |    18 |    17 |    36 ||    71
         Bite              |    14 |    25 |    30 ||    69
         Punch             |       |     2 |     5 ||     7
   Cast: Beastly Appendage |    21 |    16 |    22 ||    59
         Wereblood         |       |       |     4 ||     4
  Evoke: Wand              |       |     2 |     3 ||     5
    Use: Scroll            |       |       |    10 ||    10
         Potion            |       |       |     1 ||     1
   Stab: Sleeping          |     1 |       |     2 ||     3
         Invisible         |       |       |     1 ||     1
 Armour: Robe              |     9 |    11 |     6 ||    26
  Dodge: Dodged            |    35 |    47 |    60 ||   142

Table legend: (Time is in decaauts)
 A = Elapsed time spent in this place.
 B = Non-inter-level travel time spent in this place.
 C = Inter-level travel time spent in this place.
 D = Time resting spent in this place.
 E = Time spent auto-exploring this place.
 F = Levels seen in this place.
 G = Mean time per level.
                   A        B        C        D        E       F      G
               +--------+--------+--------+--------+--------+-----+--------+
         Total |   4482 |   4349 |    133 |      0 |   3233 |   8 |  560.2 |
       Dungeon |   4299 |   4214 |     85 |      0 |   3110 |   7 |  614.1 |
        Temple |    182 |    134 |     48 |      0 |    123 |   1 |  182.0 |
               +--------+--------+--------+--------+--------+-----+--------+

Top non-repeatable levels by time:
     D:1: 980 daAuts
     D:2: 852 daAuts
     D:5: 783 daAuts
     D:3: 610 daAuts
     D:4: 593 daAuts
     D:6: 477 daAuts
  Temple: 182 daAuts
     D:7: 3 daAuts
